 Dungeon Crawl Stone Soup version 0.31-a0-1-g4198be8af4 (webtiles) character file.

Game seed: 14637070348490772505

1382 bande the Covered (level 8, -3/50 HPs)
             Began as a Gargoyle Fighter on May 2, 2023.
             Slain by an orc
             ... wielding a +0 trident
              (6 damage)
             ... on level 4 of the Dungeon.
             The game lasted 00:09:44 (9327 turns).

bande the Covered (Gargoyle Fighter)                Turns: 9327, Time: 00:09:44

Health: -3/50      AC: 24    Str: 18 (20) XL:     8   Next: 67%
Magic:  8/8        EV:  2    Int: 12      God:
Gold:   154        SH:  0    Dex: -4 (15) Spells: 7/7 levels left

rFire   . . .        a - +0 war axe (heavy)
rCold   + . .        c - +0 buckler
rNeg    + . .        g - +5 chain mail of the Raven {rC+ Int+3 Dex-2}
rPois   ∞            n - +0 helmet
rElec   +            r - +0 cloak
rCorr   .            (no gloves)
SInv    .            (no boots)
Will    .....        (no amulet) Stlth
                     f - +6 ring of dexterity
HPRegen 0.28/turn    (no ring)
MPRegen 0.11/turn

%: no passive effects
@: slowed, lost dexterity, very slow
A: sickness immunity, AC +5, negative energy resistance 1, electricity
resistance, torment resistance 1, petrification resistance
a: no special abilities


You were on level 4 of the Dungeon.
You visited 2 branches of the dungeon, and saw 5 of its levels.

You collected 154 gold pieces.

Inventory:

Hand Weapons
 a - a +0 heavy war axe (weapon)
Missiles
 e - 2 throwing nets (quivered)
Armour
 c - a +0 buckler (worn)
 g - the +5 chain mail of the Raven (worn) {rC+ Int+3 Dex-2}
   (You found it on level 3 of the Dungeon)

   Int:       It affects your intelligence (+3).
   Dex:       It affects your dexterity (-2).
   rC:        It protects you from cold.
 n - a +0 helmet (worn)
 r - a +0 cloak (worn)
Jewellery
 f - a +6 ring of dexterity (left hand)
 i - a ring of magical power
 o - a +6 ring of intelligence
Wands
 d - a wand of flame (9)
 l - a wand of mindburst (13)
 m - a wand of polymorph (5)
Scrolls
 j - a scroll of fear
 k - a scroll of teleportation
 p - a scroll of blinking
Potions
 b - a potion of lignification
 h - a potion of flight


   Skills:
 + Level 5.4 Fighting
 + Level 5.8 Axes
 + Level 7.7 Armour
 + Level 4.9 Shields
 * Level 0.9 Evocations


You had 7 spell levels left.
You didn't know any spells.
Your spell library was empty.

Dungeon Overview and Level Annotations

Branches:
Dungeon (4/15)             Temple (1/1) D:4

Altars:
Dithmenos
Elyvilon
Fedhas
Kikubaaqudgha
Makhleb
Ru
Sif Muna
Trog
Wu Jian
Xom
Yredelemnul
Zin
Lugonu

Shops:
D:1 !


Innate Abilities, Weirdness & Mutations

You are immune to sickness and miasma.
Your stone body is resilient. (AC +5)
You are immune to poison.
You resist negative energy. (rN+)
You are resistant to electric shocks. (rElec)
You are resistant to unholy torment.
You are immune to petrification.


Message History

You closely miss the orc.
The endoplasm quivers.
You hit Menkaure but do no damage. You hit the orc.
The orc hits you from afar with a +0 trident.
* * * LOW HITPOINT WARNING * * *
The orc hits you but does no damage. The orc barely misses you.
Menkaure hits you but does no damage.
The orc hits you from afar with a +0 trident.
* * * LOW HITPOINT WARNING * * *
The orc hits you but does no damage. x2; Menkaure completely misses you.
The orc hits you but does no damage. The orc hits you with a +0 short sword.
* * * LOW HITPOINT WARNING * * *
The orc hits you with a +0 dagger.
* * * LOW HITPOINT WARNING * * *
Menkaure hits you.
* * * LOW HITPOINT WARNING * * *
You hit Menkaure but do no damage.
Menkaure is almost destroyed.
You closely miss the orc. You hit the orc.
The orc hits you but does no damage. x4
The orc barely misses you.
Menkaure sighs, "It doesn't hurt if you pull your brain out of your nose yourself."
Menkaure hits you but does no damage. The orc hits you but does no damage. x3
Menkaure hits you but does no damage.
You hit Menkaure.
You destroy Menkaure!
You slash the orc!
You kill the orc!
You hit the orc.
You kill the orc!
The orc hits you but does no damage.
The endoplasm hits you but does no damage.
The orc hits you but does no damage. The orc barely misses you.
The endoplasm freezes you.
You are frozen.
You resist.
* * * LOW HITPOINT WARNING * * *
You feel your intelligence returning.
You slice the endoplasm!!
You kill the endoplasm!
The orc hits you from afar with a +0 trident.
You die...

.....#.........#...PP...P.....P..
.....#..⌠...⌠..#>................
...................P....P...P...P
.....#.........#..P♣♣♣P..♣♣♣...♣♣
.....##.##.##.##..P♣ ♣...♣ ♣...♣
... #.##.#......P♣♣♣...♣♣♣..P♣
... ..##........P......PPP..P
#.....................
.......@...PPP.P...P..
......))..♣♣♣..P♣♣♣P.P
.....o...P♣ ♣P.P♣ ..P .........P♣
♣...♣ P ........... ...P..
................... ###.........P
P..P #......P♣♣♣.


You could see an orc.

Vanquished Creatures
  Pikel (D:3)
  Grinder (D:3)
  Menkaure (D:4)
  The ghost of dxb338 the Chopper, an amateur HOFi (D:3)
  4 lemures (D:3)
  4 crimson imps (D:3)
  3 quasits (D:3)
  A jelly (D:4)
  Crazy Yiuf (D:3)
  Natasha (thrice) (D:3)
  2 iguanas
  Robin (D:3)
  3 adders
  2 dart slugs
  3 orcs
  4 bats (D:1)
  5 endoplasms
  4 giant cockroaches
  10 goblins
  12 hobgoblins
  4 jackals (D:3)
  10 kobolds
  3 quokkas
  4 ball pythons
  4 frilled lizards (D:1)
  4 rats
95 creatures vanquished.

Vanquished Creatures (others)
  13 plants (D:4)
13 creatures vanquished.

Grand Total: 108 creatures vanquished

Notes
Turn   | Place    | Note
-------+----------+-------------------------------------------
     0 | D:1      | bande the Gargoyle Fighter began the quest for the Orb.
     0 | D:1      | Reached XP level 1. HP: 14/14 MP: 1/1
    71 | D:1      | Reached XP level 2. HP: 18/19 MP: 2/2
   406 | D:1      | Reached XP level 3. HP: 22/23 MP: 3/3
   642 | D:1      | Found Ruaxib's Distillery.
   911 | D:2      | Found a faded altar of an unknown god.
   930 | D:2      | Found a shadowy altar of Dithmenos.
  1536 | D:3      | Reached XP level 4. HP: 29/29 MP: 4/4
  1607 | D:3      | Identified the +5 chain mail of the Raven {rC+ Int+3 Dex-2}
  1608 | D:3      | Found a transporter.
  1641 | D:3      | Noticed Grinder
  1647 | D:3      | Paralysed by Grinder for 3 turns
  1649 | D:3      | Killed Grinder
  1650 | D:3      | Reached skill level 4 in Armour
  1650 | D:3      | Reached XP level 5. HP: 29/33 MP: 5/5
  1650 | D:3      | Reached XP level 6. HP: 33/38 MP: 6/6
  1681 | D:3      | Noticed dxb338's ghost (amateur HOFi)
  1745 | D:3      | Found a transporter.
  1796 | D:3      | Found a runed translucent door.
  1797 | D:3      | Noticed Crazy Yiuf
  1990 | D:3      | Found an ornate altar of the Wu Jian Council.
  2008 | D:3      | Noticed Robin
  2010 | D:3      | Noticed Natasha
  2016 | D:3      | Killed Natasha
  2020 | D:3      | Killed Robin
  2253 | D:3      | Noticed Natasha
  2260 | D:3      | Killed Natasha
  2535 | D:3      | Killed Crazy Yiuf
  2536 | D:3      | Reached XP level 7. HP: 33/44 MP: 7/7
  2651 | D:3      | Noticed Natasha
  2659 | D:3      | Killed Natasha
  2714 | D:3      | Killed dxb338's ghost
  2715 | D:3      | Reached skill level 5 in Axes
  2723 | D:3      | Lost dexterity.
  2805 | D:3      | Reached skill level 5 in Armour
  7924 | D:4      | Found an ancient bone altar of Kikubaaqudgha.
  7955 | D:3      | HP: 2/44 [lemure[Pikel] (5)]
  8645 | D:4      | Noticed Pikel
  8669 | D:3      | Killed Pikel
  8670 | D:3      | Reached skill level 5 in Fighting
  8670 | D:3      | Reached skill level 6 in Armour
  8670 | D:3      | Reached XP level 8. HP: 20/49 MP: 8/8
  8858 | D:4      | Found a shimmering altar of Xom.
  8871 | D:3      | Reached skill level 7 in Armour
  9139 | D:4      | Found a staircase to the Ecumenical Temple.
  9152 | Temple   | Entered the Ecumenical Temple
  9316 | D:4      | Noticed Menkaure
  9324 | D:4      | HP: 2/49 [Menkaure (1)]
  9326 | D:4      | Killed Menkaure
  9327 | D:4      | Slain by an orc

Illustrated notes

Levels and vault maps discovered:
D:1:      onia_arrival_pentagram, layout_basic, serial_shops,
          nicolae_shop_waterfront, minmay_misc_feat_five, hex_medium
D:2:      layout_basic, basic_altar, hellmonk_ecumenical_altar_run_dry
D:3:      layout_basic, nicolae_wu_jian_immortal_techniques,
          gammafunk_ghost_stat_death, uniq_robin, uniq_crazy_yiuf_cottage,
          uniq_natasha, uniq_grinder
D:4:      layout_cave_pools, general_overflow_altar,
          mainiacjoe_overflow_catch_the_wave, led_xom_imps,
          minmay_temple_entry_large_hall, kennysheep_boxes, uniq_pikel,
          uniq_edmund, uniq_eustachio, uniq_menkaure
Temple:   corrupted_temple

Skill      XL: |  1  2  3  4  5  6  7  8 |
---------------+-------------------------+-----
Axes           | 2 4 5 |  5.8
Shields        | 4 |  4.9
Fighting       | 4 5 |  5.4
Armour         | 4 6 7 |  7.7
Evocations     | |  0.9

Action                     |  1- 3 |  4- 6 |  7- 9 || total
---------------------------+-------+-------+-------++-------
  Melee: War axe           |   112 |    60 |   173 ||   345
    Use: Scroll            |       |     6 |       ||     6
         Potion            |       |       |     8 ||     8
 Armour: Scale mail        |    69 |     2 |       ||    71
         Chain mail        |       |    54 |  1310 ||  1364
         Skin              |       |    10 |   158 ||   168
  Dodge: Dodged            |    68 |    30 |   224 ||   322
  Block: Buckler           |    37 |    19 |    33 ||    89

Table legend: (Time is in decaauts)
 A = Elapsed time spent in this place.
 B = Non-inter-level travel time spent in this place.
 C = Inter-level travel time spent in this place.
 D = Time resting spent in this place.
 E = Time spent auto-exploring this place.
 F = Levels seen in this place.
 G = Mean time per level.
                   A        B        C        D        E       F      G
               +--------+--------+--------+--------+--------+-----+--------+
         Total |  12972 |  12796 |    176 |   8965 |   2202 |   5 | 2594.4 |
       Dungeon |  12911 |  12751 |    160 |   8965 |   2177 |   4 | 3227.8 |
        Temple |     61 |     45 |     16 |      0 |     24 |   1 |   61.0 |
               +--------+--------+--------+--------+--------+-----+--------+

Top non-repeatable levels by time:
     D:3: 10907 daAuts
     D:1: 876 daAuts
     D:2: 675 daAuts
     D:4: 451 daAuts
  Temple: 61 daAuts
